 Dungeon Crawl Stone Soup version 0.30-a0-743-gbfdf073431 (webtiles) character file.

Game seed: 31791967232657542

438 jimonade the Chopper (level 6, -4/46 HPs)
             Began as a Mummy Gladiator on Feb 7, 2023.
             Slain by an ogre
             ... wielding a +0 giant spiked club
              (24 damage)
             ... on level 5 of the Dungeon.
             The game lasted 00:05:53 (3652 turns).

jimonade the Chopper (Mummy Gladiator)              Turns: 3652, Time: 00:05:53

Health: -4/46      AC:  8    Str: 17    XL:     6   Next: 69%
Magic:  6/6        EV: 12    Int: 10    God:
Gold:   234        SH:  0    Dex: 13    Spells: 5/5 levels left

rFire   x . .      SeeInvis .    a - +0 hand axe (venom)
rCold   + . .      Faith    +    (no shield)
rNeg    + + +      Spirit   .    s - +2 leather armour {Will+}
rPois   ∞          Reflect  .    c - +0 helmet
rElec   .          Harm     .    (no cloak)
rCorr   .          Rampage  .    g - +1 pair of gloves
Will    +....                    (no boots)
Stlth   +                        v - amulet of magic regeneration
HPRegen 0.27/turn                (no ring)
MPRegen 0.50/turn                (no ring)

@: no status effects
A: cold resistance 1, negative energy resistance 3, torment resistance 2, heat
vulnerability 1, in touch with death 1, no potions, faith
a: no special abilities


You were on level 5 of the Dungeon.
You visited 1 branch of the dungeon, and saw 5 of its levels.

You collected 234 gold pieces.

Inventory:

Hand Weapons
 a - a +0 hand axe of venom (weapon)
 j - a +0 quarterstaff
 r - a +0 longbow
Missiles
 d - 2 throwing nets (quivered)
 e - a javelin
 i - 31 stones
Armour
 b - a +0 leather armour
 c - a +0 helmet (worn)
 g - a +1 pair of gloves (worn)
 q - a +0 robe of fire resistance
 s - a +2 leather armour of willpower (worn)
 t - a +0 helmet
 u - a +1 pair of gloves
Magical Staves
 p - a staff of earth
Jewellery
 v - an amulet of magic regeneration (around neck)
Scrolls
 f - a scroll of blinking
 h - 3 scrolls of identify
 k - a scroll of silence
 l - a scroll of magic mapping
 m - a scroll of torment
 n - a scroll of fear
 o - 2 scrolls of teleportation
 w - a scroll of noise {unknown}


   Skills:
 + Level 2.7 Fighting
 * Level 3.5 Axes
 - Level 3.3 Staves
 + Level 1.5 Throwing
 + Level 2.1 Armour
 + Level 3.1 Dodging
 + Level 1.1 Stealth


You had 5 spell levels left.
You didn't know any spells.
Your spell library contained the following spells:

 Spells                   Type           Power      Damage    Failure   Level
 Blink                    Tloc           0%         N/A       56%         2
 Lesser Beckoning         Tloc           0%         N/A       56%         2
 Momentum Strike          Conj/Tloc      0%         3d8       56%         2
 Tukima's Dance           Hex            0%         N/A       80%         3
 Airstrike                Air            0%         2d(0-16)  99%         4
 Cause Fear               Hex            0%         N/A       99%         4
 Passage of Golubria      Tloc           0%         N/A       99%         4
 Summon Lightning Spire   Summ/Air       0%         N/A       99%         4
 Lightning Bolt           Conj/Air       0%         1d11      100%        5
 Yara's Violent Unravell  Hex/Tmut       0%         3d3       100%        5
 Dragon's Call            Summ           0%         N/A       100%        9
 Dragon Form              Tmut           Unusable   N/A       N/A         7

Dungeon Overview and Level Annotations

Branches:
Dungeon (5/15)
 Temple: D:4-7

Altars:

Shops:
D:3 (

Annotations:
D:4 1 runed translucent door, sokol815's ghost, weakling DgDe


Innate Abilities, Weirdness & Mutations

You are immune to poison.
Your flesh is cold resistant. (rC+)
You are immune to negative energy. (rN+++)
You are immune to unholy pain and torment.
You are vulnerable to heat. (rF-)
You are in touch with the powers of death.
You do not drink.
You have a special connection with the divine. (Faith)


Message History

The hound is moderately wounded.
The hound closely misses you. The hound barely misses you.
You hit the hound.
The hound looks as sick as possible!
You punch the hound, but do no damage.
The hound is heavily wounded.
The hound bites you but does no damage.
You hit the hound but do no damage.
The hound looks as sick as possible!
The hound is almost dead.
The hound barely misses you. The hound completely misses you.
You closely miss the hound.
The hound is almost dead.
You kill the hound!
No target in view!
You see here a hound corpse.
An iguana comes into view.
An ogre comes into view. It is wielding a +0 giant spiked club.
The ogre shouts!
The iguana closely misses you.
You hit the iguana.
The iguana is poisoned.
The iguana is lightly wounded.
The iguana barely misses you.
You hit the iguana.
The iguana is severely wounded.
You hit the ogre.
The ogre is poisoned.
The ogre hits you with a +0 giant spiked club!
The iguana barely misses you. The iguana completely misses you.
You hit the ogre.
The ogre looks even sicker.
The ogre is moderately wounded.
You closely miss the iguana. The ogre closely misses you. The iguana bites you.
You hit the ogre.
The ogre looks as sick as possible!
The ogre is moderately wounded.
You barely miss the iguana. The iguana bites you!
The ogre hits you with a +0 giant spiked club.
You barely miss the ogre.
The ogre is heavily wounded.
You hit the iguana.
The iguana looks as sick as possible!
The iguana barely misses you.
The ogre hits you with a +0 giant spiked club!!
Ouch! That really hurt!
You die...

#####
########...#
.......#.#.#
#...l@.#.####
....#.O..#....##
. #.#######..#
#. #....†## #
#.###..# # ##.#
#.# #####.###
#.......# ####


You could see an ogre (extremely poisoned) and an iguana (extremely poisoned).

Vanquished Creatures
  An ogre (D:4)
  A scorpion (D:4)
  4 hounds
  2 orc wizards (D:4)
  2 adders
  A shadow imp (D:5)
  A worm (D:2)
  3 dart slugs
  6 orcs
  4 bats
  11 endoplasms
  7 giant cockroaches
  8 goblins
  9 hobgoblins
  6 jackals
  3 quokkas
  7 ball pythons
  5 frilled lizards
  5 kobolds
  8 rats
94 creatures vanquished.

Vanquished Creatures (others)
  4 demonic plants (D:3)
  2 fungi (D:3)
  5 plants (D:3)
  2 withered plants (D:3)
13 creatures vanquished.

Grand Total: 107 creatures vanquished

Notes
Turn   | Place    | Note
-------+----------+-------------------------------------------
     0 | D:1      | jimonade the Mummy Gladiator began the quest for the Orb.
     0 | D:1      | Reached XP level 1. HP: 16/16 MP: 1/1
   216 | D:1      | Reached XP level 2. HP: 22/22 MP: 2/2
   497 | D:1      | Gained mutation: You are in touch with the powers of death.
                  | [Mummy growth]
   497 | D:1      | Reached XP level 3. HP: 27/27 MP: 3/3
  1531 | D:2      | Reached XP level 4. HP: 28/33 MP: 4/4
  1759 | D:3      | Reached skill level 1 in Armour
  1769 | D:3      | Reached skill level 1 in Axes
  1845 | D:3      | Found Lududal's Antique Weapon Shop.
  2081 | D:3      | Found a faded altar of an unknown god.
  2658 | D:4      | Noticed an ogre
  2692 | D:4      | Killed an ogre
  2693 | D:4      | Reached XP level 5. HP: 39/39 MP: 5/5
  2869 | D:4      | Reached XP level 6. HP: 39/46 MP: 6/6
  2951 | D:4      | Found a runed translucent door.
  2954 | D:4      | Noticed sokol815's ghost (weakling DgDe)
  3371 | D:4      | Reached skill level 1 in Stealth
  3554 | D:5      | Entered Level 5 of the Dungeon
  3652 | D:5      | Slain by an ogre

Illustrated notes

Levels and vault maps discovered:
D:1:      onia_arrival_mini_maze, layout_loops_ring, kennysheep_crisscross
D:2:      layout_loops_cross, minmay_tromino_mix6
D:3:      kennysheep_big_flooded_room, layout_loops_ring, serial_shops, shop,
          shapermc_ecumenical_altar_gd
D:4:      layout_gridville, mainiacjoe_overflow_24_doors,
          ebering_ghost_reflecting_pool
D:5:      layout_loops_cross

Skill      XL: |  1  2  3  4  5  6 |
---------------+-------------------+-----
Staves         | 3 |  3.3
Armour         | 1 2 |  2.1
Axes           | 2 3 |  3.5
Dodging        | 3 |  3.1
Stealth        | 1 |  1.1
Fighting       | |  2.7
Throwing       | |  1.5

Action                     |  1- 3 |  4- 6 || total
---------------------------+-------+-------++-------
  Melee: Quarterstaff      |   106 |       ||   106
         Hand axe          |    23 |   141 ||   164
         Punch             |       |     3 ||     3
  Throw: Throwing net      |       |     1 ||     1
    Use: Scroll            |       |     6 ||     6
   Stab: Sleeping          |     1 |     2 ||     3
         Held in net/web   |       |     1 ||     1
 Armour: Leather armour    |    36 |    53 ||    89
  Dodge: Dodged            |    76 |    84 ||   160

Table legend: (Time is in decaauts)
 A = Elapsed time spent in this place.
 B = Non-inter-level travel time spent in this place.
 C = Inter-level travel time spent in this place.
 D = Time resting spent in this place.
 E = Time spent auto-exploring this place.
 F = Levels seen in this place.
 G = Mean time per level.
                   A        B        C        D        E       F      G
               +--------+--------+--------+--------+--------+-----+--------+
         Total |   3703 |   3437 |    266 |    102 |   2581 |   5 |  740.6 |
       Dungeon |   3703 |   3437 |    266 |    102 |   2581 |   5 |  740.6 |
               +--------+--------+--------+--------+--------+-----+--------+

Top non-repeatable levels by time:
     D:1: 1026 daAuts
     D:3: 987 daAuts
     D:4: 880 daAuts
     D:2: 707 daAuts
     D:5: 101 daAuts
